 Dungeon Crawl Stone Soup version 0.31-a0-196-g86fe4a5e66 (webtiles) character file.

Game seed: 8960342096095067224

1811 innerfire43 the Trooper (level 8, -1/67 HPs)
             Began as a Demonspawn Monk on June 24, 2023.
             Was a Believer of Nemelex Xobeh.
             Slain by a gnoll
             ... wielding a +0 spear
              (3 damage)
             ... on level 7 of the Dungeon.
             The game lasted 00:06:48 (5363 turns).

innerfire43 the Trooper (Demonspawn Monk)           Turns: 5363, Time: 00:06:48

Health: -1/67      AC:  3    Str: 14    XL:     8   Next: 84%
Magic:  8/8        EV: 20    Int: 11    God:    Nemelex Xobeh [**....]
Gold:   301        SH:  0    Dex: 16    Spells: 7/7 levels left

rFire   . . .        t - +2 hand axe (elec)
rCold   . . .        d - orb {light}
rNeg    . . .        b - +0 robe
rPois   .            (no helmet)
rElec   .            (no cloak)
rCorr   .            p - +0 pair of gloves
SInv    .            (no boots)
Will    .....        (no amulet)
Stlth   +            v - +5 ring of evasion
HPRegen 0.31/turn    (no ring)
MPRegen 0.11/turn

%: no passive effects
@: hasted, glowing, very quick
A: spiny 2, sturdy frame 1, weakness stinger 1
a: Renounce Religion, Draw Escape, Draw Destruction, Draw Summoning


You were on level 7 of the Dungeon.
You worshipped Nemelex Xobeh.
Nemelex Xobeh was pleased with you.
You visited 1 branch of the dungeon, and saw 7 of its levels.

You collected 301 gold pieces.

Inventory:

Hand Weapons
 a - a +0 hand axe
 r - a +2 whip of draining
 t - a +2 hand axe of electrocution (weapon)
 w - a +4 spear of distortion
Armour
 b - a +0 robe (worn)
 d - an orb of light (worn)
 p - a +0 pair of gloves (worn)
Jewellery
 v - a +5 ring of evasion (left hand)
Wands
 l - a wand of polymorph (6)
Scrolls
 e - a scroll of immolation
 f - 2 scrolls of blinking
 i - 2 scrolls of teleportation
 m - 2 scrolls of noise
 n - a scroll of silence
 o - a scroll of identify
 u - a scroll of enchant armour {unknown}
 x - a scroll of amnesia {unknown}
Potions
 g - a potion of lignification
 h - 4 potions of enlightenment
 j - a potion of magic
 k - a potion of invisibility
 q - a potion of heal wounds {unknown}
 s - a potion of haste


   Skills:
 + Level 7.3 Fighting
 + Level 5.7(6.1) Axes
 - Level 2.8(4.6) Maces & Flails
 + Level 6.6 Dodging


You had 7 spell levels left.
You didn't know any spells.
Your spell library contained the following spells:

 Spells                   Type           Power      Damage    Failure   Level
 Magic Dart               Conj           0%         1d3       34%         1
 Slow                     Hex            0%         N/A       34%         1
 Sting                    Tmut/Pois      0%         1d3       34%         1
 Call Imp                 Summ           0%         N/A       47%         2
 Cigotuvi's Dreadful Rot  Necr/Pois/Air  0%         N/A       47%         2
 Poisonous Vapours        Pois/Air       0%         N/A       47%         2
 Static Discharge         Conj/Air       0%         2-2/arc   47%         2
 Confusing Touch          Hex            0%         N/A       71%         3
 Mephitic Cloud           Conj/Pois/Air  0%         N/A       71%         3
 Vampiric Draining        Necr           0%         2d6       71%         3
 Airstrike                Air            0%         2d(0-16)  98%         4
 Dispel Undead            Necr           0%         3d6       98%         4
 Olgreb's Toxic Radiance  Pois           0%         N/A       98%         4
 Summon Lightning Spire   Summ/Air       0%         N/A       98%         4
 Death Channel            Necr           0%         N/A       100%        6
 Storm Form               Tmut/Air       0%         N/A       100%        7
 Maxwell's Capacitive Co  Air            0%         ∞         100%        8


Dungeon Overview and Level Annotations

Branches:
Dungeon (7/15)             Temple (0/1) D:6

Altars:
Makhleb
Nemelex Xobeh
Uskayaw

Shops:
D:6 *   D:7 [


Innate Abilities, Weirdness & Mutations

You are mostly covered in sharp spines.
Your movements are slightly less encumbered by armour. (ER -2)
You have a small tail.


Message History

Reactivating autopickup.
A gnoll comes into view. It is wielding a +0 spear.
A gnoll comes into view. It is wielding a +0 halberd.
The gnoll shouts!
The orc priest invokes the aid of Beogh against you.
Beogh smites you!
You see here a howler monkey corpse.
Found 13 gold pieces.
A gnoll comes into view. It is wielding a +0 whip.
The orc priest looks braver for a moment.
Things that are here:
a +0 spear; a gnoll corpse The gnoll shouts!
You hit the orc priest.
The orc priest is lightly wounded.
You hit the orc priest.
The orc priest is struck by your spines.
The orc priest misses you.
The orc priest mumbles some strange prayers to Beogh against you.
Pain shoots through your body!
* * * LOW HITPOINT WARNING * * *
You see here a howler monkey corpse.
A sleepcap comes into view.
You feel better.
The orc priest calls upon Beogh to heal the orc priest.
The orc priest's wounds heal themselves!
You feel better.
The orc priest hits you with a +0 flail!
* * * LOW HITPOINT WARNING * * *
You hit the orc priest.
Lightning courses through the orc priest!
You kill the orc priest!
You barely miss the orc priest.
The gnoll hits you from afar with a +0 halberd!
* * * LOW HITPOINT WARNING * * *
The orc priest closely misses you.
It was a potion of haste.
You feel yourself speed up.
The gnoll hits you from afar with a +0 spear.
You die...
Your body disappears without additional glow.

# #####.## #.###.#....
##.#.....##.[.....?..##
......................###
............##...?......#.
..##........##...f.......$
..#.......................
........................#
....).............).:...#
).##............@)g....##
..###[.........#o#gg.$.#
.####.......#>..∩..#...#
.# #........##.#.##g.[....
.# #..#..........# .......
## #..###....##...#g.##...
......# #...##........ ...
......# #.......##..... ..
.....## #..##.... ....


You could see a sleepcap, an orc priest and 3 gnolls.

Vanquished Creatures
  A water moccasin (D:4)
  A black bear (D:4)
  2 ice beasts
  A sky beast (D:7)
  A gnoll sergeant (D:6)
  2 bullfrogs
  2 scorpions (D:5)
  2 howler monkeys (D:7)
  3 orc priests
  2 jellies
  3 hounds
  3 iguanas
  3 sleepcaps
  2 orc wizards
  5 gnolls
  5 adders
  A shadow imp (D:6)
  4 white imps
  An ufetubus (D:6)
  3 dart slugs
  12 orcs
  4 endoplasms
  5 giant cockroaches
  5 goblins
  7 hobgoblins
  8 jackals
  8 quokkas
  8 ball pythons
  2 bats
  4 frilled lizards
  8 kobolds
  5 rats
123 creatures vanquished.

Vanquished Creatures (collateral kills)
  Maggie (D:6)
  An orc (D:6)
2 creatures vanquished.

Grand Total: 125 creatures vanquished

Notes
Turn   | Place    | Note
-------+----------+-------------------------------------------
     0 | D:1      | innerfire43 the Demonspawn Monk began the quest for the
                  | Orb.
     0 | D:1      | Reached XP level 1. HP: 18/18 MP: 1/1
   136 | D:1      | Gained mutation: You have a small tail. [demonic ancestry]
   136 | D:1      | Reached XP level 2. HP: 23/24 MP: 2/2
   558 | D:1      | Gained mutation: You are partially covered in sharp spines.
                  | [demonic ancestry]
   558 | D:1      | Reached XP level 3. HP: 22/29 MP: 3/3
  1395 | D:3      | Gained mutation: You are mostly covered in sharp spines.
                  | [demonic ancestry]
  1395 | D:3      | Reached XP level 4. HP: 25/37 MP: 4/4
  1403 | D:3      | Reached skill level 4 in Fighting
  1594 | D:3      | Identified the -1 buckler of Follow the Leader {rElec rC+++
                  | Will- Dex-4}
  1972 | D:4      | Found a sparkling altar of Nemelex Xobeh.
  2020 | D:4      | Noticed a black bear
  2026 | D:4      | Killed a black bear
  2027 | D:4      | Reached XP level 5. HP: 24/43 MP: 5/5
  2862 | D:4      | Became a worshipper of Nemelex Xobeh the Trickster
  2862 | D:4      | Reached * piety under Nemelex Xobeh
  2862 | D:4      | Received a gift from Nemelex Xobeh
  2862 | D:4      | Reached ** piety under Nemelex Xobeh
  2921 | D:4      | Noticed an ogre
  2924 | D:4      | an ogre changed into a water moccasin
  2924 | D:4      | Noticed a water moccasin
  2929 | D:4      | Killed a water moccasin
  2930 | D:4      | Reached XP level 6. HP: 43/50 MP: 6/6
  3007 | D:5      | Entered Level 5 of the Dungeon
  3046 | D:5      | Reached skill level 5 in Fighting
  3273 | D:5      | Reached XP level 7. HP: 26/56 MP: 7/7
  3437 | D:5      | Found a burning altar of Makhleb.
  3512 | D:5      | Received a gift from Nemelex Xobeh
  3614 | D:5      | Reached skill level 5 in Dodging
  3640 | D:5      | Reached skill level 5 in Axes
  4031 | D:6      | Reached skill level 1 in Maces & Flails
  4200 | D:6      | Found a hide-covered altar of Uskayaw.
  4210 | D:6      | Reached skill level 6 in Fighting
  4409 | D:6      | Found a staircase to the Ecumenical Temple.
  4517 | D:6      | Noticed Maggie
  4519 | D:6      | Gained mutation: Your movements are slightly less
                  | encumbered by armour. (ER -2) [demonic ancestry]
  4519 | D:6      | Reached XP level 8. HP: 64/64 MP: 8/8
  4529 | D:6      | Killed Maggie
  4866 | D:6      | Found Tycoafang's Assorted Antiques.
  5270 | D:7      | Reached skill level 7 in Fighting
  5326 | D:7      | Found Jokihydd's Antique Armour Shoppe.
  5362 | D:7      | HP: 2/67 [gnoll/+0 halberd (16)]
  5363 | D:7      | Slain by a gnoll

Illustrated notes

Levels and vault maps discovered:
D:1:      wander_arrival_peaceful_grave, layout_loops_ring,
          minmay_misc_feat_enclosed
D:2:      layout_basic
D:3:      layout_loops_ring, minmay_crystal_room
D:4:      black_bear_nest_2, layout_loops_ring,
          nemelex_xobeh_ov_fountains_minmay
D:5:      layout_basic, makhleb_heckhound_becter, minmay_misc_feat_nine_boxes
D:6:      layout_loops_ring, mainiacjoe_overflow_small_starburst,
          temple_fountains, hangedman_decor_push, nicolae_take_the_stairs,
          st_stairs_10, uniq_maggie
D:7:      layout_cave_pools, chequers_temple_overflow_minitemple, serial_shops,
          nicolae_shop_crystal, shop, serial_bayou_lagoon_b

Skill      XL: |  1  2  3  4  5  6  7  8 |
---------------+-------------------------+-----
Axes           | 3 4 5 |  5.7
Dodging        | 3 4 5 6 |  6.6
Fighting       | 4 5 6 7 |  7.3
Maces & Flails | 1 2 |  2.8

Action                     |  1- 3 |  4- 6 |  7- 9 || total
---------------------------+-------+-------+-------++-------
  Melee: Hand axe          |    96 |    62 |    54 ||   212
         Tailslap          |     7 |    11 |    18 ||    36
         Whip              |       |       |    47 ||    47
 Invoke: Draw Destruction  |       |     1 |     1 ||     2
         Draw Summoning    |       |       |     1 ||     1
    Use: Potion            |     1 |       |     4 ||     5
         Scroll            |       |    10 |     1 ||    11
 Armour: Robe              |    20 |     5 |    12 ||    37
  Dodge: Dodged            |    61 |    46 |    90 ||   197

Table legend: (Time is in decaauts)
 A = Elapsed time spent in this place.
 B = Non-inter-level travel time spent in this place.
 C = Inter-level travel time spent in this place.
 D = Time resting spent in this place.
 E = Time spent auto-exploring this place.
 F = Levels seen in this place.
 G = Mean time per level.
                   A        B        C        D        E       F      G
               +--------+--------+--------+--------+--------+-----+--------+
         Total |   5379 |   5112 |    267 |      0 |   4396 |   7 |  768.4 |
       Dungeon |   5379 |   5112 |    267 |      0 |   4396 |   7 |  768.4 |
               +--------+--------+--------+--------+--------+-----+--------+

Top non-repeatable levels by time:
     D:6: 1249 daAuts
     D:4: 1042 daAuts
     D:5: 993 daAuts
     D:1: 747 daAuts
     D:3: 710 daAuts
     D:2: 525 daAuts
     D:7: 110 daAuts
